 Dungeon Crawl Stone Soup version 0.18.1-8-gdd0e5ea (webtiles) character file.

3481 Gargoyl the Protected (level 9, -1/63 HPs)
             Began as a Demonspawn Abyssal Knight on June 1, 2016.
             Was a High Priest of Lugonu.
             Slain by a wyvern (7 damage)
             ... on level 8 of the Dungeon.
             The game lasted 00:15:50 (6591 turns).

Gargoyl the Protected (Demonspawn Abyssal Knight)   Turns: 6591, Time: 00:15:51

Health: -1/63      AC: 19    Str: 15    XL:     9   Next: 79%
Magic:  10/10      EV:  6    Int: 13    God:    Lugonu [*****.]
Gold:   639        SH:  9    Dex: 14    Spells: 0 memorised, 8 levels left

rFire  . . .     SeeInvis +     y - +1 war axe (vamp)
rCold  . . .     Gourm    .     f - +0 chain mail
rNeg   . . .     Faith    .     x - +0 shield
rPois  .         Spirit   .     (helmet restricted)
rElec  .         Dismiss  .     h - +2 cloak
rCorr  .         Reflect  .     F - +0 pair of gloves
SustAt .         Harm     .     i - +0 pair of boots
MR     .....                    (no amulet)
Stlth  ..........               G - +2 ring of strength
                                p - ring of see invisible

@: drained, not resistant to hostile enchantments, extremely unstealthy
A: horns 2, thin metallic scales 1, frail 1, low mp 1, spiny 2, weak 1,
MP-powered wands
a: Depart the Abyss, Bend Space, Banish, Corrupt, Enter the Abyss, Renounce
Religion


You were on level 8 of the Dungeon.
You worshipped Lugonu.
Lugonu was extremely pleased with you.
You were hungry.

You visited 1 branch of the dungeon, and saw 8 of its levels.
You visited the Abyss 1 time.

You collected 639 gold pieces.

Inventory:

Hand Weapons
 a - a +1 hand axe
 y - a +1 vampiric war axe (weapon)
 H - a +1 flail of draining
Missiles
 e - 8 exploding tomahawks
 w - 21 tomahawks (quivered)
Armour
 f - a +0 chain mail (worn)
 h - a +2 cloak (worn)
 i - a +0 pair of boots (worn)
 x - a +0 shield (worn)
 F - a +0 pair of gloves (worn)
Jewellery
 p - a ring of see invisible (left hand)
 G - a +2 ring of strength (right hand)
Scrolls
 d - 2 scrolls of blinking
 g - 7 scrolls of identify
 k - 7 scrolls of remove curse
 n - 3 scrolls of teleportation
Potions
 b - 2 potions of brilliance
 s - a potion of agility
 C - a potion of flight
 D - 3 potions of curing
Comestibles
 c - 9 bread rations
 j - 7 slices of pizza
 o - 5 beef jerkies
 A - 5 meat rations


   Skills:
 + Level 6.5(6.2) Fighting
 + Level 5.4(5.1) Axes
 + Level 0.8(0.5) Throwing
 * Level 8.7(8.4) Armour
 + Level 3.5(3.2) Dodging
 + Level 2.2(1.8) Stealth
 + Level 3.7(3.4) Shields
 + Level 2.8(2.5) Invocations


You had 8 spell levels left.
You didn't know any spells.

Dungeon Overview and Level Annotations

Branches:
Dungeon (8/15)             Temple (0/1) D:5
   Lair: D:8-11

Altars:
Ashenzari
Dithmenos
Gozag
Nemelex Xobeh
Okawaru
Pakellas
Ru
Trog
Vehumet
Zin
The Shining One

Shops:
D:2 *   D:6 :


Innate Abilities, Weirdness & Mutations

You have a pair of horns on your head.
You are partially covered in thin metallic scales (AC +2).
You are mostly covered in sharp spines.
You are frail (-10% HP).
Your magical capacity is low (-10% MP).
You are weak. (Str -2)
You expend magic power (3 MP) to strengthen your wands.


Message History

You hit the wight but do no damage.
The wight is heavily damaged.
You hit the wyvern.
The wyvern is almost dead.
You slash the wight!
The wight is almost destroyed.
The wight closely misses you. The wyvern bites you!
* * * LOW HITPOINT WARNING * * *
The orc throws a tomahawk.
The tomahawk hits you but does no damage.
You block the wight's attack. The wight is struck by your spines.
You destroy the wight!
Lugonu accepts your kill. You block the wyvern's attack.
You closely miss the wyvern.
The wyvern is almost dead.
You hit the wight but do no damage.
The wight is heavily damaged.
The orc throws a tomahawk.
You block the tomahawk. The wyvern bites you!
You die...

#...#
#........##
#...#
#........#
#.######...#
#......>.#
#..........#
#........#
########...#
#........#
#.(.#
##########
######(##
#....l†#
#....)@#
#...o)z#
####....
.'.....
###.....#
#.....#
#.....#
#######


You could see a wyvern, a wight and an orc.

Vanquished Creatures
  A hill giant (D:7)
  Sigmund (D:5)
  A human (D:8)
  Menkaure (D:5)
  Edmund (D:4)
  Duvessa (D:5)
  An orc warrior (D:7)
  A necrophage (D:5)
  A sky beast (D:7)
  3 ogres
  A centaur (D:8)
  A big kobold (D:7)
  5 giant frogs
  A wyvern zombie (D:6)
  Dowan (D:5)
  2 scorpions
  3 wights (D:8)
  3 howler monkeys
  4 crimson imps
  2 hounds (D:6)
  A centaur zombie (D:6)
  A giant frog skeleton (D:5)
  7 orc wizards
  A jelly (D:8)
  3 worker ants
  2 iguanas
  4 sheep (D:8)
  A hound skeleton (D:6)
  A worker ant zombie (D:7)
  6 adders
  A howler monkey skeleton (D:4)
  A shadow imp (D:6)
  2 oozes
  An adder skeleton (D:5)
  3 worms (D:2)
  5 dart slugs
  4 giant geckos
  30 orcs
  2 giant cockroaches
  8 hobgoblins
  7 jackals
  18 kobolds
  5 quokkas
  3 ball pythons
  A ball python skeleton (D:4)
  7 bats
  A giant cockroach zombie (D:5)
  2 giant newts (D:1)
  5 goblins
  14 rats
182 creatures vanquished.

Vanquished Creatures (others)
  3 plants (D:6)
3 creatures vanquished.

Grand Total: 185 creatures vanquished

Notes
Turn   | Place    | Note
--------------------------------------------------------------
     0 | Abyss:1  | Gargoyl the Demonspawn Abyssal Knight began the quest for the Orb.
     0 | Abyss:1  | Reached XP level 1. HP: 18/18 MP: 2/2
    56 | Abyss:1  | Found a corrupted altar of Lugonu.
   133 | Abyss:1  | Noticed a smoke demon
   134 | D:1      | Escaped the Abyss
   341 | D:1      | Reached * piety under Lugonu
   341 | D:1      | Reached skill level 2 in Armour
   440 | D:1      | Gained mutation: You have a pair of small horns on your head. [demonic ancestry]
   440 | D:1      | Reached XP level 2. HP: 23/24 MP: 3/3
   884 | D:1      | Reached skill level 1 in Dodging
  1180 | D:2      | Reached XP level 3. HP: 28/29 MP: 5/5
  1371 | D:2      | Found Gozag's Platinum Reserve.
  1378 | D:2      | Found an opulent altar of Gozag.
  1640 | D:2      | Reached ** piety under Lugonu
  1912 | D:2      | Gained mutation: You have a pair of horns on your head. [demonic ancestry]
  1912 | D:2      | Reached XP level 4. HP: 36/36 MP: 6/6
  2249 | D:2      | Reached skill level 3 in Armour
  2528 | D:3      | Found a shadowy altar of Dithmenos.
  2546 | D:3      | Gained mutation: You are partially covered in sharp spines. [demonic ancestry]
  2546 | D:3      | Reached XP level 5. HP: 38/42 MP: 7/7
  2811 | D:3      | Found a sparkling altar of Nemelex Xobeh.
  3254 | D:4      | Noticed an ogre
  3261 | D:3      | Reached skill level 4 in Armour
  3417 | D:3      | Reached *** piety under Lugonu
  3417 | D:3      | Gained mutation: You are mostly covered in sharp spines. [demonic ancestry]
  3417 | D:3      | Reached XP level 6. HP: 43/48 MP: 8/8
  3769 | D:4      | Found a glowing golden altar of the Shining One.
  3837 | D:4      | Noticed Edmund
  3851 | D:4      | Killed Edmund
  3851 | D:4      | Reached skill level 5 in Armour
  3851 | D:4      | Gained mutation: You are partially covered in thin metallic scales (AC +2). [demonic ancestry]
  3851 | D:4      | Reached XP level 7. HP: 45/55 MP: 9/9
  4116 | D:4      | Found a glowing silver altar of Zin.
  4134 | D:5      | Entered Level 5 of the Dungeon
  4143 | D:5      | Noticed Sigmund
  4150 | D:5      | Killed Sigmund
  4150 | D:5      | Reached skill level 1 in Shields
  4193 | D:5      | Reached skill level 1 in Stealth
  4241 | D:5      | Found an iron altar of Okawaru.
  4350 | D:5      | Noticed Menkaure
  4357 | D:5      | Killed Menkaure
  4357 | D:5      | Reached skill level 5 in Fighting
  4357 | D:5      | Reached skill level 6 in Armour
  4357 | D:5      | Reached XP level 8. HP: 42/62 MP: 10/10
  4590 | D:5      | Noticed Duvessa
  4593 | D:5      | Noticed Dowan
  4611 | D:5      | Killed Duvessa
  4611 | D:5      | Reached **** piety under Lugonu
  4616 | D:5      | Killed Dowan
  4617 | D:5      | Found a staircase to the Ecumenical Temple.
  4995 | D:6      | Found a shattered altar of Ashenzari.
  4999 | D:6      | Saw a vision of the Swamp and the Spider Nest.
  4999 | D:6      | Noticed an alligator
  4999 | D:6      | Noticed an alligator
  5001 | D:6      | Noticed a wolf spider
  5019 | D:6      | Reached skill level 7 in Armour
  5102 | D:6      | Found a sacrificial altar of Ru.
  5102 | D:6      | Found a radiant altar of Vehumet.
  5105 | D:6      | Found a bloodstained altar of Trog.
  5198 | D:6      | Found Hema's Book Shoppe.
  5515 | D:7      | Reached XP level 9. HP: 68/68 MP: 11/11
  5562 | D:7      | Found an oddly glowing altar of Pakellas.
  5716 | D:7      | Gained mutation: You are weak. (Str -2) [mutagenic meat]
  5717 | D:7      | Gained mutation: You are frail (-10% HP). [mutagenic meat]
  5718 | D:7      | Gained mutation: Your magical capacity is low (-10% MP). [mutagenic meat]
  5719 | D:7      | Gained mutation: You expend magic power (3 MP) to strengthen your wands. [mutagenic meat]
  5720 | D:7      | Gained mutation: Your flesh is cold resistant. [mutagenic meat]
  5721 | D:7      | Lost mutation: Your flesh is cold resistant. [mutagenic meat]
  6037 | D:7      | Noticed a hill giant
  6044 | D:7      | Killed a hill giant
  6044 | D:7      | Reached skill level 5 in Axes
  6044 | D:7      | Reached skill level 8 in Armour
  6198 | D:7      | Reached ***** piety under Lugonu
  6591 | D:8      | Slain by a wyvern

Skill      XL: |  1  2  3  4  5  6  7  8  9 |
---------------+----------------------------+-----
Armour         | 2 3 4 5 6 7 8 |  8.7
Axes           | 2 3 4 5 |  5.4
Dodging        | 1 2 3 |  3.5
Fighting       | 4 5 6 |  6.5
Shields        | 1 2 3 |  3.7
Stealth        | 1 2 |  2.2
Throwing       | |  0.8
Invocations    | |  2.8

Action                   |  1- 3 |  4- 6 |  7- 9 || total
-------------------------+-------+-------+-------++-------
Melee: Hand axe          |   151 |   125 |   129 ||   405
       Headbutt          |    16 |    18 |    47 ||    81
       War axe           |       |       |    66 ||    66
Throw: Tomahawk          |       |       |     9 ||     9
Invok: Depart the Abyss  |     1 |       |       ||     1
  Use: Scroll            |       |       |    13 ||    13
       Potion            |       |       |    10 ||    10
  Eat: Chunk             |     3 |     7 |    14 ||    24
       Royal jelly       |       |       |     1 ||     1
       Pizza             |       |       |     1 ||     1
       Beef jerky        |       |       |     1 ||     1
Armor: Chain mail        |   140 |   107 |   127 ||   374
Dodge: Dodged            |    78 |    38 |    48 ||   164
Block: Shield            |       |    24 |    85 ||   109
